 Dungeon Crawl Stone Soup version 0.25.0-46-gbd7b0854d2 (webtiles) character file.

Game seed: 17868762310664380761

23 DerDa the Ducker (level 2, -3/12 HPs)
             Began as a Felid Transmuter on July 16, 2020.
             Slain by Natasha (6 damage)
             ... on level 2 of the Dungeon.
             The game lasted 00:02:25 (1258 turns).

DerDa the Ducker (Felid Transmuter)                 Turns: 1258, Time: 00:02:26

Health: -3/12      AC:  1    Str:  6    XL:     2   Next: 75%
Magic:  6/6        EV: 19    Int: 14    God:
Gold:   0          SH:  0    Dex: 16    Spells: 4/5 levels left
                                        Lives:  0   Deaths: 0

rFire    . . .     SeeInvis +     - Unarmed
rCold    . . .     Gourm    .   (shield unavailable)
rNeg     . . .     Faith    .   (armour unavailable)
rPois    .         Spirit   .   (helmet unavailable)
rElec    .         Reflect  .   (cloak unavailable)
rCorr    .         Harm     .   (gloves unavailable)
MR       .....                  (boots unavailable)
Stlth    ++........             (no amulet)
HPRegen  0.04/turn              (no ring)
MPRegen  0.10/turn              (no ring)

@: appendage (expiring), slowed, slow
A: very small, no armour, no weapons or thrown items, stealth, claws 1, fangs 3,
horns 2, see invisible, carnivore, speed 1, shaggy fur 1, slow metabolism 1,
sharp paws
a: End Transformation


You were on level 2 of the Dungeon.
You were very full.
You had grown temporary horns.
You visited 1 branch of the dungeon, and saw 2 of its levels.

Inventory:

Missiles
 a - 26 arrows
Scrolls
 f - 2 scrolls of identify {unknown}
Potions
 b - a potion of magic {unknown}
 d - a potion of ambrosia {unknown}
 e - a potion of curing {unknown}
Comestibles
 c - 2 rations


   Skills:
 + Level 1.3 Fighting
 * Level 3.4 Dodging
 + Level 1.0 Stealth
 + Level 3.1 Unarmed Combat
 + Level 2.1 Spellcasting
 + Level 2.4 Transmutations


You had 4 spell levels left.
You knew the following spells:

 Your Spells              Type           Power        Failure   Level  Hunger
a - Beastly Appendage     Tmut           #.....       9%          1    #......

Your spell library contained the following spells:

 Spells                   Type           Power        Failure   Level  Hunger
 Sticks to Snakes         Tmut           #.......     13%         2    ###....
 Spider Form              Tmut/Pois      #.........   38%         3    ###....
 Ice Form                 Ice/Tmut       #.......     80%         4    #####..
 Blade Hands              Tmut           #.........   93%         5    ######.


Dungeon Overview and Level Annotations

Branches:
Dungeon (2/15)

Altars:

Annotations:
D:2 Natasha


Innate Abilities, Weirdness & Mutations

You cannot wear armour.
You are incapable of wielding weapons or throwing items.
Your paws allow you to move quietly. (Stealth)
You have sharp claws.
You have razor-sharp teeth.
You have supernaturally acute eyesight. (SInv)
You are carnivorous and can eat meat at any time.
You cover ground quickly.
You are covered in fur. (AC +1)
You have a slow metabolism.
Your sharp claws are effective at attacking unaware monsters.
You have a pair of horns on your head.


Message History

You closely miss Natasha.
Natasha is lightly wounded.
Natasha completely misses you.
You closely miss Natasha.
Natasha is lightly wounded.
Natasha closely misses you.
You scratch Natasha.
Natasha is moderately wounded.
Your transformation is almost over.
Natasha barely misses you. Natasha claws you!
Ouch! That really hurt!
* * * LOW HITPOINT WARNING * * *
You closely miss Natasha. Your headbutt misses Natasha.
Natasha is moderately wounded.
Natasha completely misses you.
You scratch Natasha.
Natasha is heavily wounded.
Natasha claws you.
Ouch! That really hurt!
You die...

##.# ...# # #..# #..#
#..#
####.#..###########+####
.....#..##......@h......
######..##.######.......
........##.# .......
.......###.# .......
.......'...# #######
.รท.....##### .......#
########


You could see Natasha.

Vanquished Creatures
  An ooze (D:1)
  A leopard gecko (D:1)
  3 bats (D:1)
  2 giant cockroaches (D:1)
  3 hobgoblins
  2 kobolds (D:1)
  2 goblins (D:1)
  2 rats
16 creatures vanquished.

Notes
Turn   | Place    | Note
-------+----------+-------------------------------------------
     0 | D:1      | DerDa the Felid Transmuter began the quest for the Orb.
     0 | D:1      | Reached XP level 1. HP: 9/9 MP: 4/4
   348 | D:1      | Reached XP level 2. HP: 12/12 MP: 6/6
   728 | D:1      | Reached skill level 1 in Stealth
  1244 | D:2      | Noticed Natasha
  1258 | D:2      | Slain by Natasha

Illustrated notes

Levels and vault maps discovered:
D:1:      doesnt_arrival_eight_statues, layout_loops_ring,
          minmay_misc_feat_nine_boxes, roderic_roman_lattice
D:2:      layout_basic, nicolae_dithmenos_through_a_glass_darkly,
          lemuel_doored_altar, uniq_natasha

Skill      XL: |  1  2 |
---------------+-------+-----
Dodging        | 3 |  3.4
Stealth        | 1 |  1.0
Fighting       | |  1.3
Unarmed Combat | |  3.1
Spellcasting   | |  2.1
Transmutations | |  2.4

Action                   || total
-------------------------++-------
Melee: Unarmed           ||    52
       Bite              ||     1
       Headbutt          ||     1
 Cast: Beastly Appendage ||     2
 Stab: Sleeping          ||     8
  Eat: Chunk             ||     7
Armor: Skin              ||     2
Dodge: Dodged            ||    50
